Dernière mise à jour: 2025-12-07 16:11:59
% Time on Ice - ANCHORAGE ACES
Lines # - Real PCT - Wanted PCT - Time Play
Normal Forward
1 - 30% - 35% - 12:59
2 - 35% - 35% - 14:55
3 - 29% - 23% - 12:32
4 - 6% - 7% - 2:33
Normal Defense
1 - 32% - 35% - 13:48
2 - 33% - 35% - 13:59
3 - 30% - 25% - 12:57
4 - 5% - 5% - 2:15
PP Forward
1 - 50% - 55% - 4:10
2 - 50% - 45% - 4:15
PP Defense
1 - 55% - 55% - 4:40
2 - 45% - 45% - 3:45
PK Forward
1 - 70% - 55% - 4:11
2 - 30% - 45% - 1:47
PK Defense
1 - 75% - 55% - 4:28
2 - 25% - 45% - 1:30
PK3 Forward
1 - 0% - 55%
2 - 0% - 45%
PK3 Defense
1 - 0% - 55%
2 - 0% - 45%
44 Forward
1 - 49% - 55% - 0:58
2 - 51% - 45% - 1:01
44 Defense
1 - 51% - 55% - 1:01
2 - 49% - 45% - 0:58
Last Minute Offensive  - 0:00
Last Minute Defensive  - 0:39
Total
Forward - 60:00
Defense - 60:00
% Time on Ice - LOS ANGELES SEALS
Lines # - Real PCT - Wanted PCT - Time Play
Normal Forward
1 - 36% - 36% - 15:36
2 - 30% - 31% - 13:03
3 - 23% - 23% - 9:46
4 - 11% - 10% - 4:34
Normal Defense
1 - 36% - 36% - 15:34
2 - 34% - 31% - 14:36
3 - 25% - 23% - 10:44
4 - 5% - 10% - 2:05
PP Forward
1 - 61% - 55% - 3:37
2 - 39% - 45% - 2:21
PP Defense
1 - 42% - 55% - 2:29
2 - 58% - 45% - 3:29
PK Forward
1 - 65% - 55% - 4:30
2 - 35% - 45% - 2:24
PK Defense
1 - 52% - 55% - 3:37
2 - 48% - 45% - 3:17
PK3 Forward
1 - 22% - 55% - 0:20
2 - 78% - 45% - 1:11
PK3 Defense
1 - 43% - 55% - 0:39
2 - 57% - 45% - 0:52
44 Forward
1 - 70% - 55% - 1:23
2 - 30% - 45% - 0:36
44 Defense
1 - 30% - 55% - 0:36
2 - 70% - 45% - 1:23
Last Minute Offensive  - 0:39
Last Minute Defensive  - 0:00
Total
Forward - 60:00
Defense - 60:00
Play-by-Play 1st period 0:01 of 1st period - Nathan MacKinnon wins face-off versus Steven Stamkos in neutral zone. 1:01 of 1st period - Shot by Brandon Montour. 1:01 of 1st period - Stopped by Darcy Kuemper without a rebound. 1:02 of 1st period - Mason McTavish wins face-off versus Erik Haula in ANCHORAGE ACES zone. 1:27 of 1st period - Shot by Alexander DeBrincat. 1:27 of 1st period - Deflect By Yegor Sharangovich. 1:27 of 1st period - Shot Misses the Net. 1:29 of 1st period - Shot by Erik Haula. 1:29 of 1st period - Shot Blocked by Anthony Duclair. 1:31 of 1st period - Shot by Erik Haula. 1:31 of 1st period - Stopped by Jeremy Swayman without a rebound. 1:32 of 1st period - Eetu Luostarinen wins face-off versus Mikael Backlund in LOS ANGELES SEALS zone. 2:15 of 1st period - Shot by Claude Giroux. 2:15 of 1st period - Shot Blocked by Robert Bortuzzo. 2:47 of 1st period - Shot by Marco Rossi. 2:47 of 1st period - Shot Blocked by Sebastien Aho. 2:49 of 1st period - Shot by Cole Smith. 2:49 of 1st period - Stopped by Darcy Kuemper with a rebound. 3:27 of 1st period - Shot by Matthew Boldy. 3:27 of 1st period - Shot Misses the Net. 3:29 of 1st period - Shot by Matthew Boldy. 3:29 of 1st period - Stopped by Darcy Kuemper without a rebound. 3:30 of 1st period - Mason McTavish wins face-off versus Sam Carrick in ANCHORAGE ACES zone. 3:33 of 1st period - Shot by Anthony Duclair. 3:33 of 1st period - Stopped by Darcy Kuemper without a rebound. 3:34 of 1st period - Mason McTavish wins face-off versus Nathan MacKinnon in ANCHORAGE ACES zone. 3:47 of 1st period - Shot by Nathan MacKinnon. 3:47 of 1st period - Goal by Nathan MacKinnon - ANCHORAGE ACES : 1 - LOS ANGELES SEALS : 0. 3:48 of 1st period - Sam Carrick wins face-off versus Steven Stamkos in neutral zone. 3:53 of 1st period - Shot by Nathan MacKinnon. 3:53 of 1st period - Shot Misses the Net. 4:21 of 1st period - Shot by Nathan MacKinnon. 4:21 of 1st period - Shot Misses the Net. 4:41 of 1st period - Icing by Yegor Sharangovich. 4:42 of 1st period - Mikael Backlund wins face-off versus Alexander DeBrincat in ANCHORAGE ACES zone. 4:48 of 1st period - Shot by Mark Stone. 4:48 of 1st period - Stopped by Darcy Kuemper without a rebound. 4:49 of 1st period - Eetu Luostarinen wins face-off versus Mikael Backlund in ANCHORAGE ACES zone. 4:59 of 1st period - Mark Stone is hit by Jakob Chychrun and loses puck. 5:12 of 1st period - Shot by Colin Blackwell. 5:12 of 1st period - Shot Misses the Net. 5:13 of 1st period - Minor Penalty to Erik Gudbranson for Interference. 5:14 of 1st period - Nathan MacKinnon wins face-off versus Mikael Backlund in LOS ANGELES SEALS zone. 6:30 of 1st period - Shot by Erik Haula. 6:30 of 1st period - Shot Blocked by Noah Dobson. 6:32 of 1st period - Shot by Sebastien Aho. 6:32 of 1st period - Shot Blocked by Gustav Forsling. 6:54 of 1st period - Off-side. 6:55 of 1st period - Nathan MacKinnon wins face-off versus Mason McTavish in neutral zone. 7:07 of 1st period - Off-side. 7:08 of 1st period - Mason McTavish wins face-off versus Nathan MacKinnon in neutral zone. 7:10 of 1st period - Brandon Montour is hit by Jakob Chychrun. 7:45 of 1st period - Shot by Eetu Luostarinen. 7:45 of 1st period - Stopped by Jeremy Swayman without a rebound. 7:46 of 1st period - Nathan MacKinnon wins face-off versus Mason McTavish in LOS ANGELES SEALS zone. 7:51 of 1st period - Shot by David Perron. 7:51 of 1st period - Stopped by Jeremy Swayman without a rebound. 7:52 of 1st period - Nathan MacKinnon wins face-off versus Mason McTavish in LOS ANGELES SEALS zone. 8:07 of 1st period - Shot by Phillip Danault. 8:07 of 1st period - Shot Misses the Net. 8:09 of 1st period - Shot by Nathan MacKinnon. 8:09 of 1st period - Stopped by Jeremy Swayman with a rebound. 8:19 of 1st period - Shot by Nathan MacKinnon. 8:19 of 1st period - Stopped by Jeremy Swayman without a rebound. 8:20 of 1st period - Erik Haula wins face-off versus Mikael Backlund in LOS ANGELES SEALS zone. 8:20 of 1st period - Alexander DeBrincat is hit by Brenden Dillon and loses puck. 8:28 of 1st period - Claude Giroux is hit by Alexander DeBrincat and loses puck. 8:38 of 1st period - Erik Haula is hit by Brenden Dillon and loses puck. 9:03 of 1st period - Shot by Erik Haula. 9:03 of 1st period - Shot Misses the Net. 9:14 of 1st period - Icing by Brandon Carlo. 9:15 of 1st period - Nathan MacKinnon wins face-off versus Mikael Backlund in LOS ANGELES SEALS zone. 9:50 of 1st period - Brandon Carlo is hit by Phillip Danault and loses puck. 9:56 of 1st period - Icing by Brandon Carlo. 9:57 of 1st period - Mikael Backlund wins face-off versus Eetu Luostarinen in LOS ANGELES SEALS zone. 10:42 of 1st period - Shot by Matthew Boldy. 10:42 of 1st period - Shot Misses the Net. 12:42 of 1st period - Shot by Phillip Danault. 12:42 of 1st period - Shot Blocked by Noah Dobson. 12:44 of 1st period - Shot by David Perron. 12:44 of 1st period - Shot Blocked by Gustav Forsling. 12:46 of 1st period - Shot by Phillip Danault. 12:46 of 1st period - Shot Blocked by Noah Dobson. 13:10 of 1st period - Shot by Sam Carrick. 13:10 of 1st period - Stopped by Jeremy Swayman without a rebound. 13:11 of 1st period - Eetu Luostarinen wins face-off versus Steven Stamkos in LOS ANGELES SEALS zone. 13:38 of 1st period - Minor Penalty to Brenden Dillon for Checking from behind. 13:38 of 1st period - Minor Penalty to Colin Blackwell for Holding Stick. 13:39 of 1st period - Steven Stamkos wins face-off versus Nathan MacKinnon in LOS ANGELES SEALS zone. 13:46 of 1st period - Shot by Steven Stamkos. 13:46 of 1st period - Stopped by Darcy Kuemper without a rebound. 13:47 of 1st period - Nathan MacKinnon wins face-off versus Steven Stamkos in ANCHORAGE ACES zone. 13:49 of 1st period - Phillip Danault is hit by Tom Wilson. 14:26 of 1st period - Shot by Steven Stamkos. 14:26 of 1st period - Deflect By Tom Wilson. 14:26 of 1st period - Shot Blocked by Carson Soucy. 14:28 of 1st period - Shot by Steven Stamkos. 14:28 of 1st period - Deflect By Tom Wilson. 14:28 of 1st period - Stopped by Darcy Kuemper with a rebound. 14:36 of 1st period - Icing by Brandon Montour. 14:37 of 1st period - David Perron wins face-off versus Steven Stamkos in LOS ANGELES SEALS zone. 14:47 of 1st period - Icing by Tom Wilson. 14:48 of 1st period - Steven Stamkos wins face-off versus David Perron in LOS ANGELES SEALS zone. 15:07 of 1st period - Shot by David Perron. 15:07 of 1st period - Shot Misses the Net. 15:29 of 1st period - Shot by David Perron. 15:29 of 1st period - Shot Misses the Net. 16:17 of 1st period - Shot by Eetu Luostarinen. 16:17 of 1st period - Stopped by Jeremy Swayman without a rebound. 16:18 of 1st period - Mikael Backlund wins face-off versus Sam Carrick in LOS ANGELES SEALS zone. 16:18 of 1st period - Mikael Backlund is hit by Nicolas Deslauriers. 18:44 of 1st period - Icing by Brandon Carlo. 18:45 of 1st period - Nathan MacKinnon wins face-off versus Mason McTavish in LOS ANGELES SEALS zone. 19:10 of 1st period - Shot by Phillip Danault. 19:10 of 1st period - Shot Misses the Net. 19:12 of 1st period - Shot by Nathan MacKinnon. 19:12 of 1st period - Stopped by Jeremy Swayman without a rebound. 19:13 of 1st period - Mikael Backlund wins face-off versus Eetu Luostarinen in LOS ANGELES SEALS zone. 19:17 of 1st period - Icing by Claude Giroux. 19:18 of 1st period - Eetu Luostarinen wins face-off versus Mark Stone in LOS ANGELES SEALS zone. 19:23 of 1st period - Shot by Eetu Luostarinen. 19:23 of 1st period - Shot Blocked by Noah Dobson. Goals for this period are 1 for ANCHORAGE ACES vs 0 for LOS ANGELES SEALS. Shots for this period are 9 for ANCHORAGE ACES vs 7 for LOS ANGELES SEALS. 2nd period 0:01 of 2nd period - Nathan MacKinnon wins face-off versus Steven Stamkos in neutral zone. 0:08 of 2nd period - Shot by Phillip Danault. 0:08 of 2nd period - Shot Misses the Net. 0:10 of 2nd period - Shot by Sebastien Aho. 0:10 of 2nd period - Shot Misses the Net. 0:18 of 2nd period - Shot by Jakob Chychrun. 0:18 of 2nd period - Goal by Jakob Chychrun - ANCHORAGE ACES : 2 - LOS ANGELES SEALS : 0. 0:19 of 2nd period - Erik Haula wins face-off versus Mikael Backlund in neutral zone. 0:22 of 2nd period - Shot by Yegor Sharangovich. 0:22 of 2nd period - Deflect By Alexander DeBrincat. 0:22 of 2nd period - Shot Misses the Net. 0:54 of 2nd period - Shot by Yegor Sharangovich. 0:54 of 2nd period - Stopped by Jeremy Swayman without a rebound. 0:55 of 2nd period - Nathan MacKinnon wins face-off versus Steven Stamkos in LOS ANGELES SEALS zone. 0:56 of 2nd period - Shot by Jakob Chychrun. 0:56 of 2nd period - Shot Blocked by Steven Stamkos. 0:59 of 2nd period - Icing by Brandon Montour. 1:00 of 2nd period - Nathan MacKinnon wins face-off versus Steven Stamkos in LOS ANGELES SEALS zone. 1:05 of 2nd period - Shot by Phillip Danault. 1:05 of 2nd period - Shot Blocked by Erik Gudbranson. 2:29 of 2nd period - Shot by Mark Stone. 2:29 of 2nd period - Shot Misses the Net. 2:31 of 2nd period - Shot by Claude Giroux. 2:31 of 2nd period - Goal by Claude Giroux - ANCHORAGE ACES : 2 - LOS ANGELES SEALS : 1. 2:32 of 2nd period - Mason McTavish wins face-off versus Colin Blackwell in neutral zone. 2:51 of 2nd period - Shot by Anthony Duclair. 2:51 of 2nd period - Shot Misses the Net. 3:03 of 2nd period - Shot by Nick Foligno. 3:03 of 2nd period - Deflect By Anthony Duclair. 3:03 of 2nd period - Stopped by Darcy Kuemper with a rebound. 3:13 of 2nd period - Shot by Mason McTavish. 3:13 of 2nd period - Stopped by Darcy Kuemper without a rebound. 3:14 of 2nd period - Steven Stamkos wins face-off versus Erik Haula in ANCHORAGE ACES zone. 3:14 of 2nd period - Tom Wilson is hit by Ryan Pulock and loses puck. 3:17 of 2nd period - Shot by Tom Wilson. 3:17 of 2nd period - Shot Misses the Net. 3:19 of 2nd period - Shot by Matthew Boldy. 3:19 of 2nd period - Shot Misses the Net. 3:21 of 2nd period - Shot by Matthew Boldy. 3:21 of 2nd period - Stopped by Darcy Kuemper with a rebound. 3:23 of 2nd period - Shot by Steven Stamkos. 3:23 of 2nd period - Stopped by Darcy Kuemper without a rebound. 3:24 of 2nd period - Steven Stamkos wins face-off versus Erik Haula in ANCHORAGE ACES zone. 4:08 of 2nd period - Shot by Matthew Boldy. 4:08 of 2nd period - Stopped by Darcy Kuemper without a rebound. 4:09 of 2nd period - Mikael Backlund wins face-off versus Nathan MacKinnon in ANCHORAGE ACES zone. 4:20 of 2nd period - Shot by Mark Stone. 4:20 of 2nd period - Stopped by Darcy Kuemper without a rebound. 4:21 of 2nd period - Eetu Luostarinen wins face-off versus Mason McTavish in ANCHORAGE ACES zone. 4:32 of 2nd period - Shot by Eetu Luostarinen. 4:32 of 2nd period - Stopped by Jeremy Swayman without a rebound. 4:33 of 2nd period - Steven Stamkos wins face-off versus Nathan MacKinnon in LOS ANGELES SEALS zone. 4:45 of 2nd period - Steven Stamkos is hit by Carson Soucy and loses puck. 4:54 of 2nd period - Shot by Steven Stamkos. 4:54 of 2nd period - Stopped by Darcy Kuemper without a rebound. 4:55 of 2nd period - Mikael Backlund wins face-off versus Erik Haula in ANCHORAGE ACES zone. 5:38 of 2nd period - Shot by Mark Stone. 5:38 of 2nd period - Shot Misse